 Dungeon Crawl Stone Soup version 0.21.1-1-g345015fe64 (webtiles) character file.

103 Htamos the Magician (level 4, -14/24 HPs)
             Began as a Deep Elf Wizard on July 13, 2018.
             Killed by divine providence
             ... invoked by an orc priest
              (15 damage)
             ... on level 3 of the Dungeon.
             The game lasted 00:04:19 (2401 turns).

Htamos the Magician (Deep Elf Wizard)               Turns: 2401, Time: 00:04:20

Health: -14/24     AC:  3    Str:  9    XL:     4   Next: 51%
Magic:  2/15       EV: 12    Int: 24    God:
Gold:   36         SH:  0    Dex: 13    Spells: 16/17 levels left

rFire    . . .     SeeInvis .   (no weapon)
rCold    . . .     Gourm    .   (no shield)
rNeg     . . .     Faith    .   m - +0 leather armour
rPois    .         Spirit   .   b - +0 hat
rElec    .         Reflect  .   (no cloak)
rCorr    .         Harm     .   (no gloves)
MR       .....                  (no boots)
Stlth    ++........             (no amulet)
HPRegen  0.08/turn              (no ring)
MPRegen  0.14/turn              (no ring)

@: mighty, lethally poisoned (-14 -> -28), very slightly contaminated
A: no striking features
a: no special abilities


You were on level 3 of the Dungeon.
You were not hungry.

You visited 1 branch of the dungeon, and saw 3 of its levels.

You collected 36 gold pieces.

Inventory:

Hand Weapons
 n - a +0 hunting sling
Missiles
 f - 38 bolts
 g - 80 stones (quivered)
 k - 20 arrows
Armour
 a - a +0 robe
 b - a +0 hat (worn)
 m - a +0 leather armour (worn)
Jewellery
 l - an uncursed amulet of regeneration {unknown}
Scrolls
 e - 2 scrolls of identify {unknown}
 i - a scroll of remove curse {unknown}
 o - a scroll of enchant weapon {unknown}
 q - a scroll of noise {unknown}
 s - a scroll of immolation {unknown}
 u - a scroll of amnesia {unknown}
Potions
 h - 4 potions of curing {unknown}
 j - a potion of might
 p - a potion of resistance {unknown}
 r - a potion of haste {unknown}
Books
 c - a book of Minor Magic

   Spells                             Type                      Level
   a - Magic Dart                     Conjuration                  1
   b - Blink                          Translocation                2
   c - Call Imp                       Summoning                    2
   d - Slow                           Hexes                        2
   e - Conjure Flame                  Conjuration/Fire             3
   f - Mephitic Cloud                 Conjuration/Poison/Air       3
Comestibles
 d - 2 rations
 t - 10 chunks of flesh


   Skills:
 - Level 2.4 Dodging
 - Level 2.4 Stealth
 + Level 7.3 Spellcasting
 - Level 1.1 Conjurations
   Level 1.1 Summonings
   Level 1.1 Translocations


You had 16 spell levels left.
You knew the following spells:

 Your Spells              Type           Power        Failure   Level  Hunger
a - Magic Dart            Conj           ##..         6%          1    None


Dungeon Overview and Level Annotations

Branches:
Dungeon (3/15)

Altars:
Xom


Message History

Aim: an orc, wielding a hand axe (heavily wounded)
The magic dart hits the orc.
The orc is severely wounded.
The orc hits you with a hand axe.
Casting: Magic Dart
Confirm with . or Enter, or press ? or * to list all spells.
You don't have enough magic to cast that spell.
The orc priest calls down the wrath of Beogh upon you.
Beogh smites you!
Ouch! That really hurt!
* * * LOW HITPOINT WARNING * * *
It was a potion of might.
You feel very mighty all of a sudden.
The orc hits you with a hand axe of venom.
* * * LOW HITPOINT WARNING * * *
You are lethally poisoned!
The orc priest calls down the wrath of Beogh upon you.
Beogh smites you!
Ouch! That really hurt!
You die...

##.#####......................
........<#####.....)...##.####
.....##### #.........# ###
#.........# #.........#
#.........# ##.......##
#.........# #
###.@.......###.#
#....o......#...#
#...†.#...o.......#
#.#####..........#
##.......### #.....o.#
#..#####.# ...........##
####........#


You could see an orc priest and 2 orcs.

Vanquished Creatures
  Jessica (D:2)
  2 worms (D:2)
  2 dart slugs (D:2)
  An orc (D:3)
  4 giant cockroaches
  6 goblins
  6 hobgoblins
  10 jackals
  11 kobolds
  2 quokkas
  5 bats
  6 frilled lizards
  5 rats
61 creatures vanquished.

Notes
Turn   | Place    | Note
-------+----------+-------------------------------------------
     0 | D:1      | Htamos the Deep Elf Wizard began the quest for the Orb.
     0 | D:1      | Reached XP level 1. HP: 10/10 MP: 7/7
    73 | D:1      | Reached skill level 5 in Spellcasting
   205 | D:1      | Reached XP level 2. HP: 15/15 MP: 6/10
   982 | D:1      | Reached XP level 3. HP: 19/19 MP: 6/12
  1352 | D:2      | Reached skill level 6 in Spellcasting
  1414 | D:2      | Noticed Jessica
  1419 | D:2      | Killed Jessica
  1529 | D:2      | Found a shimmering altar of Xom.
  1530 | D:2      | Found a shimmering altar of Xom.
  1530 | D:2      | Found a shimmering altar of Xom.
  1531 | D:2      | Found a shimmering altar of Xom.
  1539 | D:2      | Found a shimmering altar of Xom.
  1539 | D:2      | Found a shimmering altar of Xom.
  1542 | D:2      | Reached XP level 4. HP: 24/24 MP: 9/14
  1543 | D:2      | Found a shimmering altar of Xom.
  1818 | D:2      | Reached skill level 7 in Spellcasting
  2401 | D:3      | HP: 1/24 [orc/hand axe of venom (4)]
  2401 | D:3      | Killed from afar by an orc priest

Skill      XL: |  1  2  3  4 |
---------------+-------------+-----
Spellcasting   | 5 6 7 |  7.3
Dodging        | |  2.4
Stealth        | |  2.4
Conjurations   | |  1.1
Summonings     | |  1.1
Translocations | |  1.1

Action                   |  1- 3 |  4- 6 || total
-------------------------+-------+-------++-------
Melee: Unarmed           |     7 |       ||     7
 Cast: Magic Dart        |    87 |    73 ||   160
  Use: Potion            |       |     1 ||     1
  Eat: Chunk             |     2 |     2 ||     4
Armor: Robe              |     1 |       ||     1
       Leather armour    |     8 |     1 ||     9
Dodge: Dodged            |    21 |     8 ||    29
